 Dungeon Crawl Stone Soup version 0.30-a0-883-g5ad918d77d (webtiles) character file.

Game seed: 10726071308343894970

23824 Pimp the Protected (level 12, -2/112 HPs)
             Began as an Armataur Fighter on Mar 16, 2023.
             Was a High Priest of Okawaru.
             Killed from afar by an oklob plant (28 damage)
             ... with a splash of acid
             ... on level 3 of the Lair of Beasts.
             The game lasted 00:30:22 (12324 turns).

Pimp the Protected (Armataur Fighter)              Turns: 12324, Time: 00:30:22

Health: -2/112     AC: -4    Str: 24    XL:     12   Next: 75%
Magic:  12/12      EV:  7    Int:  9    God:    Okawaru [*****.]
Gold:   502        SH: 22    Dex: 14    Spells: 11/11 levels left

rFire   + + +      SeeInvis +    a - +2 war axe (vamp)
rCold   + . .      Faith    .    Q - +0 tower shield of the Eternal Void {rPois rF+ rN+}
rNeg    + + .      Spirit   .    h - +3 chain mail {rF+}
rPois   +          Reflect  +    x - +2 helmet
rElec   .          Roll     +    d - +2 cloak
rCorr   .                        P - +0 pair of gloves
Will    .....                    (no barding) Stlth
                                 R - amulet of reflection
HPRegen 0.38/turn                f - ring of see invisible
MPRegen 0.13/turn                q - ring of positive energy

@: mighty, corroded
A: large, rugged brown scales 3, deformed body, armoured tail, roll, long
tongue, awkward tongue, thin skeletal structure 1, cold resistance 1, fire
resistance 1, passive freeze, wild magic 1
a: Renounce Religion, Heroism, Finesse, Duel


You were on level 3 of the Lair of Beasts.
You worshipped Okawaru.
Okawaru was extremely pleased with you.
You visited 3 branches of the dungeon, and saw 15 of its levels.
You also visited: Ossuary.

You collected 717 gold pieces.
You spent 215 gold pieces at shops.

Inventory:

Hand Weapons
 a - a +2 vampiric war axe (weapon)
 T - a +2 war axe of flaming
Missiles
 m - 6 atropa-tipped darts
 r - a throwing net
Armour
 b - a +0 scale mail
 c - a +1 buckler
 d - a +2 cloak (worn)
 h - a +3 chain mail of fire resistance (worn)
 k - a +0 chain mail
 x - a +2 helmet (worn)
 P - a +0 pair of gloves (worn)
 Q - the +0 tower shield of the Eternal Void (worn) {rPois rF+ rN+}
   (Okawaru gifted it to you on level 11 of the Dungeon)

   rF:        It protects you from fire.
   rPois:     It protects you from poison.
   rN:        It protects you from negative energy.
 S - the +2 kite shield of Luobbetifu {rPois rF+ rC- Stlth+}
   (Okawaru gifted it to you on level 1 of the Lair of Beasts)

   rF:        It protects you from fire.
   rC:        It makes you vulnerable to cold.
   rPois:     It protects you from poison.
   Stlth:     It makes you more stealthy.
Jewellery
 f - a ring of see invisible (left hand)
 i - an amulet of regeneration
 q - a ring of positive energy (right hand)
 t - a ring of positive energy
 C - a ring of willpower
 F - a ring of ice
 J - a ring of flight
 K - a +6 ring of dexterity
 M - a ring of wizardry
 R - an amulet of reflection (around neck)
Wands
 g - a wand of charming (7)
 l - a wand of polymorph (20)
 u - a wand of iceblast (3)
 A - a wand of acid (6) (quivered)
 B - a wand of digging (4)
 E - a wand of flame (45)
Scrolls
 e - 4 scrolls of fog
 j - 9 scrolls of identify
 p - 7 scrolls of teleportation
 v - a scroll of amnesia
 w - 2 scrolls of magic mapping
 y - 3 scrolls of vulnerability
 H - a scroll of summoning
 L - 3 scrolls of blinking
 O - 2 scrolls of fear
 U - a scroll of silence {unknown}
Potions
 n - 3 potions of resistance
 o - 2 potions of mutation
 s - 3 potions of lignification
 D - a potion of brilliance
 G - a potion of ambrosia
 I - 3 potions of heal wounds
 N - a potion of curing


   Skills:
 + Level 9.5 Fighting
 + Level 8.4 Axes
 + Level 12.2 Armour
 + Level 7.4 Dodging
 + Level 11.2 Shields


You had 11 spell levels left.
You didn't know any spells.
Your spell library contained the following spells:

 Spells                   Type           Power      Damage    Failure   Level
 Ensorcelled Hibernation  Hex/Ice        0%         N/A       100%        2
 Frozen Ramparts          Ice            0%         1d1       100%        3
 Portal Projectile        Hex/Tloc       0%         N/A       100%        3
 Spider Form              Tmut/Pois      0%         N/A       100%        3
 Anguish                  Hex/Necr       0%         N/A       100%        4
 Ice Form                 Ice/Tmut       0%         N/A       100%        4
 Blade Hands              Tmut           0%         N/A       100%        5
 Tukima's Dance           Hex            Unusable   N/A       N/A         3
 Summon Ice Beast         Ice/Summ       Unusable   N/A       N/A         4

Dungeon Overview and Level Annotations

Branches:
Dungeon (11/15)            Temple (1/1) D:7            Lair (3/5) D:10
 Shoals (0/4) Lair:3          Orc (0/2) D:11        Ossuary (visited)
  Snake: Lair:2-3    Spider: Lair:2-3

Altars:
Ashenzari
Cheibriados
Dithmenos
Elyvilon
Fedhas
Gozag
Hepliaklqana
Kikubaaqudgha
Makhleb
Nemelex Xobeh
Okawaru
Qazlal
Ru
Sif Muna
Trog
Uskayaw
Vehumet
Wu Jian
Xom
Yredelemnul
Zin
The Shining One

Shops:
D:5 (   D:9 [

Annotations:
D:10 2 transporters, iguanaiguana's ghost, journeyman AtIE
Lair:3 exclusion: 2 oklob plants


Innate Abilities, Weirdness & Mutations

You are completely covered in rugged brown scales. (AC +3, +7% HP)
Armour fits poorly on your strangely shaped body.
You have a long armoured tail.
You roll when moving toward enemies. (Rampage)
Your long tongue fully drains potion bottles. (2x potion effects)
Your tongue gives you trouble enunciating. (1.5x scroll delay)
You have a somewhat thin skeletal structure. (Dex +2, Stealth+)
Your flesh is cold resistant. (rC+)
Your flesh is heat resistant. (rF+)
A frigid envelope surrounds you and freezes all who hurt you.
Your spells are a little harder to cast, but a little more powerful.


Message History

Unknown command.
You hit the oklob plant but do no damage.
The oklob plant is heavily damaged.
The oklob plant spits acid at you. The splash of acid hits you!
The acid corrodes you!
You hit the oklob plant but do no damage.
The oklob plant is heavily damaged.
Unknown command.
You hit the oklob plant but do no damage.
The oklob plant is heavily damaged.
The oklob plant spits acid at you.
The splash of acid reflects off an invisible shield around you!
The splash of acid hits the oklob plant.
The oklob plant completely resists.
The oklob plant spits acid at you. The splash of acid hits you!
You slurp down every last drop of the potion of might!
You feel very mighty all of a sudden.
You slurp down every last drop of the potion of heal wounds!
You feel much better. The oklob plant spits acid at you.
The splash of acid hits you!! The acid corrodes you!
You hit the oklob plant but do no damage.
You tail-slap the oklob plant!
The oklob plant is severely damaged.
The oklob plant spits acid at you. The splash of acid hits you!!
The acid corrodes you!
You hit the oklob plant but do no damage.
The oklob plant is severely damaged.
The oklob plant spits acid at you. The splash of acid hits you!
The acid corrodes you!
You completely miss the oklob plant.
You tail-slap the oklob plant, but do no damage.
The oklob plant is severely damaged.
The oklob plant spits acid at you. The splash of acid hits you!!
* * * LOW HITPOINT WARNING * * *
The oklob plant spits acid at you. The splash of acid hits you!!
You die...

##?.P#. #..... #.PPP.
#...PP ##P..P### #..P.P#.#
#..P.P# #P†@?.# ##....#
#..#PPP..# ..##....#
..###...# # P #.# ##..# #.#
## #.####..##.P.###
#..###.#.##.........#######
#..........P.#..##....†..#


You could see 2 oklob plants.

Vanquished Creatures
  A catoblepas (Lair:1)
  5 two-headed ogres
  A tengu warrior (D:9)
  A manticore (Lair:3)
  2 ugly things
  3 elephants (Lair:1)
  7 cane toads
  A gargoyle (D:11)
  Maggie (D:9)
  An unseen horror (shapeshifter) (D:11)
  6 komodo dragons
  2 polar bears (Lair:1)
  A troll (D:10)
  A wind drake (Lair:3)
  Prince Ribbit (D:7)
  5 blink frogs (Lair:1)
  A shadow (D:10)
  A wraith (Ossuary)
  19 yaks
  3 wyverns
  A steam dragon (D:6)
  Menkaure (D:5)
  A warg (D:11)
  4 vampire mosquitoes (D:11)
  8 water moccasins
  Duvessa (D:6)
  A floating eye (D:10)
  A sky beast (D:7)
  2 ice beasts (D:7)
  5 orc warriors
  A black bear (Lair:1)
  17 wolves
  3 ogres
  6 centaurs
  A phantom (D:6)
  3 bullfrogs
  6 scorpions
  5 wights (D:9)
  Dowan (D:6)
  17 killer bees
  An electric eel (Lair:1)
  8 howler monkeys
  2 jellies
  6 hounds
  Crazy Yiuf (D:2)
  6 orc priests
  A sleepcap (D:5)
  2 gnoll boudas (D:5)
  Natasha (twice) (D:3)
  Terence (D:2)
  4 iguanas (D:5)
  4 orc wizards
  5 mummies
  Robin (D:2)
  6 adders
  7 gnolls
  2 ufetubi
  2 worms (D:5)
  5 dart slugs
  22 orcs
  6 ball pythons
  3 bats
  6 endoplasms
  5 giant cockroaches
  A gnoll zombie (Ossuary)
  12 goblins
  7 hobgoblins
  2 jackals (D:2)
  7 kobolds
  A quokka (D:3)
  4 frilled lizards
  4 goblin zombies (Ossuary)
  7 hobgoblin zombies
  2 kobold zombies (Ossuary)
  7 rats
310 creatures vanquished.

Vanquished Creatures (collateral kills)
  An adder (D:4)
1 creature vanquished.

Vanquished Creatures (others)
  A human (D:9)
  8 fungi
  13 plants
22 creatures vanquished.

Grand Total: 333 creatures vanquished

Notes
Turn   | Place    | Note
-------+----------+-------------------------------------------
     0 | D:1      | Pimp the Armataur Fighter began the quest for the Orb.
     0 | D:1      | Reached XP level 1. HP: 19/19 MP: 1/1
   519 | D:1      | Reached XP level 2. HP: 26/26 MP: 2/2
   790 | D:2      | Noticed Terence
   799 | D:2      | Killed Terence
   800 | D:2      | Reached skill level 4 in Armour
   800 | D:2      | Reached XP level 3. HP: 15/33 MP: 3/3
   884 | D:2      | Found a runed translucent door.
   885 | D:2      | Noticed Crazy Yiuf
   969 | D:2      | Found a faded altar of an unknown god.
  1004 | D:2      | Noticed Robin
  1038 | D:2      | Reached XP level 4. HP: 39/40 MP: 4/4
  1046 | D:2      | Killed Robin
  1134 | D:2      | Reached skill level 1 in Dodging
  1468 | D:2      | Killed Crazy Yiuf
  1705 | D:3      | Noticed Natasha
  1717 | D:3      | Killed Natasha
  1718 | D:3      | Reached XP level 5. HP: 42/48 MP: 5/5
  2137 | D:3      | Noticed Natasha
  2148 | D:3      | Killed Natasha
  2312 | D:4      | Reached XP level 6. HP: 53/55 MP: 6/6
  2317 | D:4      | Reached skill level 5 in Armour
  2544 | D:4      | Found a sparkling altar of Nemelex Xobeh.
  2985 | D:5      | Entered Level 5 of the Dungeon
  3089 | D:5      | Reached XP level 7. HP: 63/63 MP: 7/7
  3095 | D:5      | Reached skill level 5 in Shields
  3098 | D:5      | Noticed Menkaure
  3109 | D:5      | Killed Menkaure
  3195 | D:5      | Found a sand-covered staircase.
  3206 | Ossuary  | Entered an ossuary
  3206 | Ossuary  | Noticed a wraith
  3206 | Ossuary  | Noticed a wraith
  3206 | Ossuary  | Noticed a wraith
  3522 | Ossuary  | Noticed a wraith
  3568 | Ossuary  | Killed a wraith
  3569 | Ossuary  | Reached skill level 6 in Armour
  3773 | D:5      | Reached XP level 8. HP: 41/71 MP: 8/8
  3849 | D:5      | Found Udygeyh's Weapon Shop.
  4134 | D:5      | Found a large runed translucent door.
  4135 | D:5      | Found a large runed translucent door.
  4652 | D:5      | Found a shimmering blue altar of Sif Muna.
  4657 | D:5      | Reached skill level 5 in Fighting
  4664 | D:5      | Found an opulent altar of Gozag.
  4780 | D:6      | Noticed Duvessa
  4792 | D:6      | Killed Duvessa
  4792 | D:6      | Noticed Dowan
  4801 | D:6      | Killed Dowan
  4914 | D:6      | Reached skill level 7 in Armour
  5172 | D:6      | Reached XP level 9. HP: 55/79 MP: 9/9
  5555 | D:7      | Found a staircase to the Ecumenical Temple.
  5555 | D:7      | Noticed Prince Ribbit
  5576 | D:7      | Killed Prince Ribbit
  5621 | D:7      | Reached skill level 5 in Axes
  5662 | D:7      | Noticed a two-headed ogre
  5664 | Temple   | Entered the Ecumenical Temple
  5762 | Temple   | Became a worshipper of Warmaster Okawaru
  5854 | D:7      | Killed a two-headed ogre
  5855 | D:7      | Reached skill level 8 in Armour
  6057 | D:7      | Found a burning altar of Makhleb.
  6087 | D:7      | Reached * piety under Okawaru
  6843 | D:8      | Noticed a two-headed ogre
  6856 | D:8      | Killed a two-headed ogre
  6856 | D:8      | Reached ** piety under Okawaru
  6857 | D:8      | Reached XP level 10. HP: 40/89 MP: 10/10
  7105 | D:8      | Found a snail-covered altar of Cheibriados.
  7597 | D:9      | Reached skill level 5 in Dodging
  7610 | D:9      | Reached skill level 9 in Armour
  7718 | D:9      | Reached *** piety under Okawaru
  7873 | D:9      | Noticed a red ugly thing
  7874 | D:9      | Gained mutation: You occasionally lose the ability to read
                  | scrolls when taking damage. [potion of mutation]
  7874 | D:9      | Gained mutation: You are dopey. (Int -2) [potion of
                  | mutation]
  7874 | D:9      | Gained mutation: You sometimes lose your temper in combat.
                  | [potion of mutation]
  7874 | D:9      | Gained mutation: You are frail. (-10% HP) [potion of
                  | mutation]
  7874 | D:9      | Gained mutation: Your tail ends in a venomous barb. [potion
                  | of mutation]
  7875 | D:9      | Lost mutation: Your tail ends in a venomous barb. [potion
                  | of mutation]
  7875 | D:9      | Lost mutation: You occasionally lose the ability to read
                  | scrolls when taking damage. [potion of mutation]
  7875 | D:9      | Lost mutation: You are frail. (-10% HP) [potion of
                  | mutation]
  7875 | D:9      | Lost mutation: You sometimes lose your temper in combat.
                  | [potion of mutation]
  7875 | D:9      | Gained mutation: You possess an exceptional clarity of
                  | mind. [potion of mutation]
  7875 | D:9      | Gained mutation: Your flesh is cold resistant. (rC+)
                  | [potion of mutation]
  7875 | D:9      | Gained mutation: You have a somewhat thin skeletal
                  | structure. (Dex +2, Stealth+) [potion of mutation]
  7875 | D:9      | Lost mutation: You possess an exceptional clarity of mind.
                  | [potion of mutation]
  7875 | D:9      | Gained mutation: You possess an exceptional clarity of
                  | mind. [potion of mutation]
  7890 | D:9      | Killed a red ugly thing
  7910 | D:9      | Lost mutation: You are dopey. (Int -2) [potion of mutation]
  7910 | D:9      | Lost mutation: You possess an exceptional clarity of mind.
                  | [potion of mutation]
  7910 | D:9      | Lost mutation: You have a somewhat thin skeletal structure.
                  | (Dex +2, Stealth+) [potion of mutation]
  7910 | D:9      | Lost mutation: Your flesh is cold resistant. (rC+) [potion
                  | of mutation]
  7910 | D:9      | Gained mutation: A frigid envelope surrounds you and
                  | freezes all who hurt you. [potion of mutation]
  7910 | D:9      | Gained mutation: You have a somewhat thin skeletal
                  | structure. (Dex +2, Stealth+) [potion of mutation]
  7910 | D:9      | Gained mutation: Your spells are a little harder to cast,
                  | but a little more powerful. [potion of mutation]
  7910 | D:9      | Gained mutation: Your flesh is cold resistant. (rC+)
                  | [potion of mutation]
  7910 | D:9      | Gained mutation: Your flesh is heat resistant. (rF+)
                  | [potion of mutation]
  7975 | D:9      | Noticed a tengu warrior
  7976 | D:9      | Noticed Maggie
  7990 | D:9      | Killed Maggie
  7990 | D:9      | Reached **** piety under Okawaru
  7994 | D:9      | Killed a tengu warrior
  7995 | D:9      | Reached XP level 11. HP: 94/98 MP: 11/11
  8217 | D:9      | Found Gaoveg's Armour Shop.
  8229 | D:9      | Bought a +2 chain mail of fire resistance for 215 gold
                  | pieces
  8262 | D:9      | Found an ancient bone altar of Kikubaaqudgha.
  8413 | D:10     | Entered Level 10 of the Dungeon
  8424 | D:10     | Noticed a two-headed ogre
  8434 | D:10     | Killed a two-headed ogre
  8434 | D:10     | Reached ***** piety under Okawaru
  8435 | D:10     | Reached skill level 10 in Armour
  8468 | D:10     | Noticed a two-headed ogre
  8475 | D:10     | Killed a two-headed ogre
  8477 | D:10     | Paralysed by a floating eye for 4 turns
  8678 | D:10     | Found a transporter.
  8770 | D:10     | Found a staircase to the Lair.
  8787 | D:10     | Identified the +8 giant spiked club of Arbitration {speed,
                  | rC- Int+7}
  8787 | D:10     | Identified the +1 great mace of the People {freeze, Str+2}
  8787 | D:10     | Noticed a two-headed ogre
  8787 | D:10     | Noticed a two-headed ogre
  8789 | D:10     | Noticed iguanaiguana's ghost (journeyman AtIE)
  8790 | D:10     | Noticed a two-headed ogre
  8790 | D:10     | Noticed a two-headed ogre
  9034 | D:10     | Found a transporter.
  9542 | D:11     | Noticed a two-headed ogre
  9552 | D:11     | Killed a two-headed ogre
  9552 | D:11     | Identified the +0 tower shield of the Eternal Void {rPois
                  | rF+ rN+} (Okawaru gifted it to you on level 11 of the
                  | Dungeon)
  9552 | D:11     | Received a gift from Okawaru
  9568 | D:11     | Noticed a brown ugly thing
  9580 | D:11     | Killed a brown ugly thing
  9720 | D:11     | Reached skill level 10 in Shields
  9766 | D:11     | Found a staircase to the Orcish Mines.
  9848 | D:11     | Reached skill level 11 in Armour
 10564 | Lair:1   | Entered Level 1 of the Lair of Beasts
 10586 | Lair:1   | Reached XP level 12. HP: 98/110 MP: 12/12
 10873 | Lair:1   | Identified the +2 kite shield of Luobbetifu {rPois rF+ rC-
                  | Stlth+} (Okawaru gifted it to you on level 1 of the Lair of
                  | Beasts)
 10873 | Lair:1   | Received a gift from Okawaru
 10874 | Lair:1   | Reached ****** piety under Okawaru
 11012 | Lair:1   | Noticed a catoblepas
 11024 | Lair:1   | Killed a catoblepas
 11520 | Lair:2   | Reached skill level 12 in Armour
 12198 | Lair:3   | Found a staircase to the Shoals.
 12324 | Lair:3   | Killed from afar by an oklob plant

Illustrated notes

Levels and vault maps discovered:
D:1:      minmay_arrival_stone_box, layout_loops_ring, grunt_decor_resistance
D:2:      layout_rooms, shapermc_ecumenical_altar_mp_urbaneastern, uniq_robin,
          uniq_crazy_yiuf_cottage, uniq_terence
D:3:      layout_basic, grunt_ministairs_9, uniq_natasha
D:4:      layout_loops_ring, kennysheep_little_box
D:5:      minmay_skewed_foursquare, layout_loops_cross, jmf_multi_god_temple2,
          nicolae_ossuary_entry_giza, serial_shops,
          nicolae_shop_bloodbath_and_beyond, uniq_menkaure
D:6:      layout_cave_pods, uniq_duvessa
D:7:      layout_basic, makhleb_blood_cavern_becter, minmay_temple_entry_arrows,
          uniq_prince_ribbit1
D:8:      layout_gridville, slow_altar_2
D:9:      layout_roguey, tgw_kikubaaqudgha, serial_shops, shop,
          kennysheep_generic_room_12, uniq_maggie
D:10:     layout_cave_pods, lair_entry_dummy, gammafunk_ghost_smash,
          hangedman_decor_peaks_small, onia_ninara_cookie
D:11:     layout_stronghold, david_orc_3
Temple:   minmay_temple_bridge_d
Lair:1:   layout_gridlike, grunt_megastairs_3, serial_bayou_shore_a
Lair:2:   layout_chaotic_city
Lair:3:   minmay_lair_oklob_tunnel, layout_loops_ring,
          minmay_shoals_entry_beasts, spider_nest_entry_funnel_web,
          beast_lair_carwin_3, uniq_josephine

Skill      XL: |  1  2  3  4  5  6  7  8  9 10 11 12 |
---------------+-------------------------------------+-----
Fighting       | 3 4 5 6 7 8 9 |  9.5
Axes           | 2 3 4 5 6 7 8 |  8.4
Armour         | 4 5 6 7 8 9 11 12 | 12.2
Dodging        | 1 2 3 4 5 6 7 |  7.4
Shields        | 4 5 6 8 9 10 11 | 11.2

Action                     |  1- 3 |  4- 6 |  7- 9 | 10-12 || total
---------------------------+-------+-------+-------+-------++-------
  Melee: War axe           |    74 |   175 |   344 |   464 ||  1057
         Tailslap          |     4 |    22 |    49 |    82 ||   157
 Invoke: Heroism           |       |       |       |     1 ||     1
  Evoke: Wand              |       |       |     6 |     1 ||     7
    Use: Potion            |     2 |       |     8 |    10 ||    20
         Scroll            |       |    13 |     9 |     4 ||    26
   Stab: Petrified         |       |       |       |     1 ||     1
 Armour: Scale mail        |    32 |       |       |       ||    32
         Chain mail        |    26 |   125 |   185 |   362 ||   698
         Skin              |       |       |    19 |       ||    19
  Dodge: Dodged            |    20 |    62 |    90 |   179 ||   351
  Block: Buckler           |    15 |    56 |    93 |   142 ||   306
         Tower shield      |       |       |       |   267 ||   267
         Reflection        |       |       |       |     1 ||     1

Table legend: (Time is in decaauts)
 A = Elapsed time spent in this place.
 B = Non-inter-level travel time spent in this place.
 C = Inter-level travel time spent in this place.
 D = Time resting spent in this place.
 E = Time spent auto-exploring this place.
 F = Levels seen in this place.
 G = Mean time per level.
                   A        B        C        D        E       F      G
               +--------+--------+--------+--------+--------+-----+--------+
         Total |  12682 |  11832 |    850 |    969 |   8141 |  16 |  792.6 |
       Dungeon |  10091 |   9461 |    630 |    764 |   6635 |  11 |  917.4 |
        Temple |    171 |     69 |    102 |      0 |     62 |   1 |  171.0 |
          Lair |   1820 |   1703 |    117 |     60 |   1222 |   3 |  606.7 |
       Ossuary |    598 |    598 |      0 |    145 |    222 |   1 |  598.0 |
               +--------+--------+--------+--------+--------+-----+--------+

Top non-repeatable levels by time:
     D:5: 1269 daAuts
    D:11: 1133 daAuts
     D:9: 1075 daAuts
    D:10: 1046 daAuts
     D:2: 886 daAuts
     D:4: 878 daAuts
     D:8: 863 daAuts
  Lair:1: 826 daAuts
     D:6: 801 daAuts
     D:7: 783 daAuts
  Lair:2: 730 daAuts
     D:1: 712 daAuts
     D:3: 642 daAuts
 Ossuary: 598 daAuts
  Lair:3: 263 daAuts
